 Dungeon Crawl Stone Soup version 0.30-a0-364-gf6b3ef1049 (webtiles) character file.

Game seed: 15146940566425839487

767 Shayle the Sneak (level 7, 0/66 HPs)
             Began as a Naga Reaver on Nov 15, 2022.
             Was an Initiate of Wu Jian.
             Slain by a mummy (12 damage)
             ... in an ossuary.
             The game lasted 00:16:36 (4870 turns).

Shayle the Sneak (Naga Reaver)                      Turns: 4870, Time: 00:16:36

Health: 0/66       AC:  5    Str: 17    XL:     7   Next: 82%
Magic:  19/19      EV: 10    Int: 15    God:    Wu Jian [......]
Gold:   149        SH:  0    Dex: 10    Spells: 9/10 levels left

rFire   + . .      SeeInvis +    r - +3 flail (venom)
rCold   + . .      Faith    .    (no shield)
rNeg    . . .      Spirit   .    b - +0 leather armour
rPois   +          Reflect  .    w - +1 helmet
rElec   +          Harm     .    (no cloak)
rCorr   .          Rampage  .    (no gloves)
Will    .....                    (no barding)
Stlth   +++.......               (no amulet)
HPRegen 0.31/turn                c - ring of Qazlal, Crafting {rElec rF+ Str+6}
MPRegen 0.16/turn                n - ring "Orphuef" {rPois rC+ MP+9 Str-3}

@: very slow
A: AC +2, large, see invisible, deformed body, poison resistance, slowness 2,
spit poison 1, naga tail 1
a: Spit Poison, Renounce Religion


You were in an ossuary.
You worshipped Wu Jian.
Wu Jian was noncommittal.
You visited 1 branch of the dungeon, and saw 5 of its levels.
You also visited: Ossuary.

You collected 149 gold pieces.

Inventory:

Hand Weapons
 a - a +0 hand axe
 h - a +1 dagger of venom
 r - a +3 flail of venom (weapon)
Missiles
 x - 3 silver boomerangs
Armour
 b - a +0 leather armour (worn)
 w - a +1 helmet (worn)
Jewellery
 c - the ring of Qazlal, Crafting (left hand) {rElec rF+ Str+6}
   (You acquired it on level 4 of the Dungeon)

   [ring of strength]

   Str:       It affects your strength (+6).
   rF:        It protects you from fire.
   rElec:     It insulates you from electricity.
 n - the ring "Orphuef" (right hand) {rPois rC+ MP+9 Str-3}
   (You found it on level 2 of the Dungeon)

   [ring of magical power]

   Str:       It affects your strength (-3).
   rC:        It protects you from cold.
   rPois:     It protects you from poison.
   MP:        It affects your magic capacity (+9).
Wands
 A - a wand of polymorph (6)
Scrolls
 g - a scroll of teleportation
 y - a scroll of enchant weapon {unknown}
Potions
 d - 3 potions of haste
 e - 2 potions of berserk rage
 j - a potion of cancellation {unknown}
 k - a potion of resistance {unknown}
 l - a potion of flight
 o - 5 potions of brilliance
 p - 2 potions of lignification
 s - 2 potions of mutation {unknown}
 t - a potion of magic {unknown}
 v - a potion of degeneration {unknown}
 z - a potion of invisibility {unknown}


   Skills:
 + Level 4.5 Fighting
 + Level 5.1 Axes
 + Level 3.8 Dodging
 + Level 6.3 Stealth
 - Level 2.0 Spellcasting
 - Level 3.0 Conjurations


You had 9 spell levels left.
You knew the following spells:

 Your Spells              Type           Power      Damage    Failure   Level
a - Kiss of Death         Conj/Necr      24%        2d7       14%         1

Your spell library contained the following spells:

 Spells                   Type           Power      Damage    Failure   Level
 Momentum Strike          Conj/Tloc      12%        3d8       22%         2
 Hailstorm                Conj/Ice       6%         3d4       41%         3


Dungeon Overview and Level Annotations

Branches:
Dungeon (5/15)            Ossuary (1/1)
 Temple: D:4-7

Altars:
Ashenzari
Cheibriados
Dithmenos
Gozag
Hepliaklqana
Kikubaaqudgha
Nemelex Xobeh
Okawaru
Ru
Sif Muna
Vehumet
Wu Jian
Yredelemnul


Innate Abilities, Weirdness & Mutations

Your serpentine skin is tough. (AC +2)
You have supernaturally acute eyesight. (SInv)
Armour fits poorly on your strangely shaped body.
Your system is resistant to poisons. (rPois)
You cover ground very slowly.
You can spit poison.
You have a snake-like lower body.


Message History

The mummy is heavily damaged.
The mummy closely misses you.
You hit the mummy.
The mummy is almost destroyed.
The mummy closely misses you.
You sock the mummy!
You destroy the mummy!
The Council accepts your kill. The mummy hits you!
You hit the mummy.
The mummy is moderately damaged.
You hit the mummy.
The mummy is moderately damaged.
The mummy hits you!!
You hit the mummy.
The mummy is heavily damaged.
The mummy hits you!
You hit the mummy.
The mummy is heavily damaged.
The mummy barely misses you.
You hit the mummy.
The mummy is severely damaged.
The mummy misses you.
You thump the mummy!
You destroy the mummy!
The Council accepts your kill.
You hit the mummy.
The mummy is moderately damaged.
The mummy closely misses you.
You hit the mummy.
The mummy is moderately damaged.
The mummy hits you.
You hit the mummy.
The mummy is heavily damaged.
The mummy hits you!
* * * LOW HITPOINT WARNING * * *
You hit the mummy. Your punch misses the mummy.
The mummy is severely damaged.
The mummy hits you!
You die...

##....##
#....#
#....#
#....#
#....#
#....#
#....#
#..M.#
#.∩∩@#
######


You could see a mummy.

Vanquished Creatures
  Edmund (D:4)
  Blork the orc (D:4)
  A necrophage (D:4)
  A scorpion (D:4)
  2 hounds (D:4)
  An iguana (D:5)
  Natasha (thrice) (D:4)
  6 mummies (Ossuary)
  11 adders
  A shadow imp (D:4)
  A worm (D:2)
  3 dart slugs (D:1)
  7 orcs (D:3)
  15 ball pythons
  5 endoplasms
  5 giant cockroaches
  9 goblins
  7 hobgoblins
  4 quokkas
  10 bats
  2 frilled lizards
  A gnoll zombie (Ossuary)
  2 hobgoblin zombies (Ossuary)
  12 kobolds
  2 kobold zombies (Ossuary)
  3 orc zombies (Ossuary)
  6 rats
122 creatures vanquished.

Vanquished Creatures (others)
  2 demonic plants (D:3)
2 creatures vanquished.

Grand Total: 124 creatures vanquished

Notes
Turn   | Place    | Note
-------+----------+-------------------------------------------
     0 | D:1      | Shayle the Naga Reaver began the quest for the Orb.
     0 | D:1      | Reached XP level 1. HP: 19/19 MP: 3/3
    65 | D:1      | Reached skill level 1 in Stealth
    67 | D:1      | Reached XP level 2. HP: 21/26 MP: 5/5
   586 | D:1      | Reached XP level 3. HP: 29/33 MP: 6/6
   591 | D:1      | Reached skill level 2 in Stealth
   990 | D:2      | Identified the ring "Orphuef" {rPois rC+ MP+9 Str-3}
  1182 | D:2      | Reached XP level 4. HP: 33/40 MP: 7/7
  1485 | D:2      | HP: 2/40 [endoplasm (1)]
  1652 | D:2      | Reached skill level 3 in Stealth
  1775 | D:2      | Reached XP level 5. HP: 47/49 MP: 8/8
  2977 | D:4      | Found an ornate altar of the Wu Jian Council.
  2977 | D:4      | Found an iron altar of Okawaru.
  2979 | D:4      | Found an opulent altar of Gozag.
  2993 | D:4      | Found a snail-covered altar of Cheibriados.
  2994 | D:4      | Found an ancient bone altar of Kikubaaqudgha.
  2994 | D:4      | Found a basalt altar of Yredelemnul.
  2994 | D:4      | Found a radiant altar of Vehumet.
  2994 | D:4      | Found a sparkling altar of Nemelex Xobeh.
  2996 | D:4      | Found a shadowy altar of Dithmenos.
  2997 | D:4      | Found a hazy altar of Hepliaklqana.
  2998 | D:4      | Found a sacrificial altar of Ru.
  2999 | D:4      | Found a shimmering blue altar of Sif Muna.
  3011 | D:4      | Became a worshipper of the Wu Jian Council
  3037 | D:4      | Reached skill level 4 in Stealth
  3127 | D:4      | Noticed Edmund
  3244 | D:4      | Killed Edmund
  3245 | D:4      | Reached XP level 6. HP: 27/57 MP: 9/9
  3355 | D:4      | Found a broken altar of Ashenzari.
  3362 | D:4      | Noticed Natasha
  3369 | D:4      | Killed Natasha
  3439 | D:4      | Noticed Blork the orc
  3447 | D:4      | Noticed Natasha
  3626 | D:4      | Reached skill level 5 in Stealth
  3664 | D:4      | Killed Natasha
  3665 | D:4      | Reached XP level 7. HP: 46/64 MP: 10/10
  3739 | D:4      | Noticed Natasha
  3784 | D:4      | Killed Blork the orc
  3787 | D:4      | Killed Natasha
  3964 | D:4      | Identified a scroll of acquirement
  3964 | D:4      | Acquired the ring of Qazlal, Crafting {rElec rF+ Str+6}
  4074 | D:4      | Reached skill level 6 in Stealth
  4291 | D:5      | Entered Level 5 of the Dungeon
  4301 | D:5      | Found a sand-covered staircase.
  4318 | D:5      | Reached skill level 5 in Axes
  4336 | Ossuary  | Entered an ossuary
  4870 | Ossuary  | Slain by a mummy

Illustrated notes

Levels and vault maps discovered:
D:1:      shiori_arrival_maze, layout_basic, minmay_misc_feat_x
D:2:      layout_basic, st_stairs_9, minmay_snake_closets
D:3:      layout_loops_ring, dreamdust_princess_corridor, minivault_5,
          minivault_27
D:4:      layout_rooms, minitemple, kennysheep_little_box, dk_noncrumbling_3,
          uniq_edmund, uniq_natasha, uniq_blork_the_orc
D:5:      layout_loops_ring, elyvilon_altar_4, nicolae_overflow_hidden_temple,
          enter_ossuary_1
Ossuary:  ossuary_tomb_3

Skill      XL: |  1  2  3  4  5  6  7 |
---------------+----------------------+-----
Stealth        | 1 2 3 4 5 6 |  6.3
Dodging        | 2 3 |  3.8
Fighting       | 3 4 |  4.5
Axes           | 4 5 |  5.1
Spellcasting   | |  2.0
Conjurations   | |  3.0

Action                   |  1- 3 |  4- 6 |  7- 9 || total
-------------------------+-------+-------+-------++-------
Melee: Hand axe          |    24 |       |       ||    24
       Dagger            |    82 |   217 |    51 ||   350
       Punch             |     3 |     2 |     1 ||     6
       Flail             |       |       |    46 ||    46
       Unarmed           |       |       |    24 ||    24
Invok: Lunge             |       |     6 |     8 ||    14
 Abil: Spit Poison       |    11 |    13 |     1 ||    25
  Use: Potion            |       |     1 |     2 ||     3
       Scroll            |       |     1 |     8 ||     9
 Stab: Sleeping          |     3 |    12 |     1 ||    16
Armor: Leather armour    |    32 |    61 |    11 ||   104
       Skin              |       |       |     5 ||     5
Dodge: Dodged            |    60 |   103 |    59 ||   222

Table legend: (Time is in decaauts)
 A = Elapsed time spent in this place.
 B = Non-inter-level travel time spent in this place.
 C = Inter-level travel time spent in this place.
 D = Time resting spent in this place.
 E = Time spent auto-exploring this place.
 F = Levels seen in this place.
 G = Mean time per level.
                   A        B        C        D        E       F      G
               +--------+--------+--------+--------+--------+-----+--------+
         Total |   5967 |   5841 |    126 |    829 |   3114 |   6 |  994.5 |
       Dungeon |   5368 |   5242 |    126 |    572 |   3114 |   5 | 1073.6 |
       Ossuary |    598 |    598 |      0 |    257 |      0 |   1 |  598.0 |
               +--------+--------+--------+--------+--------+-----+--------+

Top non-repeatable levels by time:
     D:4: 1415 daAuts
     D:3: 1407 daAuts
     D:2: 1293 daAuts
     D:1: 1199 daAuts
 Ossuary: 598 daAuts
     D:5: 52 daAuts
